[Event "Vienna Chess Open 2019"]
[Site "Vienna"]
[Date "2019.08.21"]
[Round "6.5"]
[White "Handler, Lukas"]
[Black "Fedorovsky, Michael"]
[Result "1-0"]
[ECO "D37"]
[WhiteElo "2411"]
[BlackElo "2441"]
[Annotator "NA"]
[PlyCount "83"]
[EventDate "2019.08.17"]
[EventType "swiss"]
[EventCountry "AUT"]
[SourceTitle "playchess.com"]
[Source "ChessBase"]
[SourceQuality "1"]
[TimeControl "40/5400+30:1800+30"]

1. d4 Nf6 2. c4 e6 3. Nf3 d5 4. Nc3 dxc4 5. e4 Bb4 6. Bg5 c5 7. Bxc4 cxd4 8. Nxd4 Bxc3+ 9. bxc3 Qa5 10. Bd2 Nxe4 11. Qg4 Nxd2 12. Qxg7 Nxc4 13. Qxh8+ Ke7 14. O-O Nd7 15. f4 Nf6 16. Rae1 Nd2 17. Re5 Qd8 18. Qxd8+ Kxd8 19. Rd1 Nd7 20. Rxd2 Nxe5 21. Nc6+ Kc7 22. Nxe5 f6 23. Ng4 e5 24. Nxf6 exf4 25. Nxh7 Be6 26. Ng5 Bc4 27. Nh3 f3 28. gxf3 Re8 29. Ng5 Re5 30. h4 Ra5 31. Kf2 Bxa2 32. f4 Bb1 33. h5 Ra6 34. Kg3 Rc6 35. Kg4 a5 36. f5 a4 37. Ne6+ Kb8 38. Rd8+ Ka7 39. h6 Rxc3 40. h7 Rh3 41. h8=Q Rxh8 42. Rxh8 1-0

[Event "Vienna Chess Open 2019"]
[Site "Vienna"]
[Date "2019.08.21"]
[Round "6.5"]
[White "Kaasen, Tor Fredrik"]
[Black "Pisu, Robert-Daniel"]
[Result "1-0"]
[ECO "E06"]
[WhiteElo "2373"]
[BlackElo "2252"]
[Annotator "NA"]
[PlyCount "75"]
[EventDate "2019.08.17"]
[EventType "swiss"]
[EventCountry "AUT"]
[SourceTitle "playchess.com"]
[Source "ChessBase"]
[SourceQuality "1"]
[TimeControl "40/5400+30:1800+30"]

1. d4 Nf6 2. c4 e6 3. Nf3 d5 4. g3 Be7 5. Bg2 O-O 6. O-O dxc4 7. Qc2 a6 8. a4 Bd7 9. Qxc4 Bc6 10. Bf4 Bd6 11. Nc3 Bxf4 12. gxf4 Nd5 13. e3 Nxc3 14. bxc3 Nd7 15. Qd3 Nf6 16. a5 Be4 17. Qe2 c5 18. Ne5 Bxg2 19. Kxg2 cxd4 20. cxd4 Qd5+ 21. Qf3 Rac8 22. Qxd5 Nxd5 23. Nd7 Rc2 24. Kf3 Rd8 25. Nc5 b6 26. axb6 Nxb6 27. Rxa6 Nc4 28. Rfa1 g6 29. Ra7 Rb8 30. Ra8 Rxa8 31. Rxa8+ Kg7 32. Rc8 Nd2+ 33. Kg2 Kh6 34. Rc7 Ne4 35. Rxf7 Nxf2 36. Nxe6 Nd1+ 37. Kf3 Rf2+ 38. Kg3 1-0

[Event "Vienna Chess Open 2019"]
[Site "Vienna"]
[Date "2019.08.21"]
[Round "6.6"]
[White "Buhmann, Rainer"]
[Black "Barp, Alberto"]
[Result "1-0"]
[ECO "C88"]
[WhiteElo "2574"]
[BlackElo "2411"]
[Annotator "ChessBase"]
[PlyCount "45"]
[EventDate "2019.08.17"]
[EventType "swiss"]
[EventCountry "AUT"]
[SourceTitle "playchess.com"]
[Source "ChessBase"]
[SourceQuality "1"]
[TimeControl "40/5400+30:1800+30"]

1. e4 e5 2. Nf3 Nc6 3. Bb5 a6 4. Ba4 Nf6 5. O-O Be7 6. Re1 b5 7. Bb3 O-O 8. a4 b4 9. a5 Bc5 10. c3 bxc3 11. bxc3 d6 12. d4 Ba7 13. h3 h6 14. Be3 Re8 15. Nbd2 Bd7 16. Qc2 Nh5 17. Ba4 Qf6 18. Rab1 Red8 19. Rb7 exd4 20. cxd4 Nxd4 21. Bxd4 Bxd4 22. Bxd7 Rxd7 23. Qa4 1-0

[Event "Vienna Chess Open 2019"]
[Site "Vienna"]
[Date "2019.08.21"]
[Round "6.6"]
[White "Markoja, Boris"]
[Black "Gueci, Tea"]
[Result "1-0"]
[ECO "A06"]
[WhiteElo "2440"]
[BlackElo "2259"]
[Annotator "ChessBase"]
[PlyCount "109"]
[EventDate "2019.08.17"]
[EventType "swiss"]
[EventCountry "AUT"]
[SourceTitle "playchess.com"]
[Source "ChessBase"]
[SourceQuality "1"]
[TimeControl "40/5400+30:1800+30"]

1. c4 e6 2. Nf3 Nf6 3. b3 d5 4. Bb2 c5 5. e3 Nc6 6. cxd5 exd5 7. Bb5 Be7 8. d4 Bg4 9. O-O cxd4 10. Bxd4 O-O 11. Bb2 Qb6 12. Be2 Rfd8 13. Nbd2 Rac8 14. Nd4 Bxe2 15. Qxe2 Nxd4 16. Bxd4 Bc5 17. Nf3 Bxd4 18. Nxd4 a6 19. Rac1 Rc7 20. Nf5 Rdd7 21. Qb2 Qe6 22. Nd4 Qe5 23. Qe2 h6 24. Nf3 Qe8 25. Qb2 Qc8 26. Nd4 Re7 27. Rcd1 Ne4 28. f3 Nf6 29. Rd3 Rc5 30. g4 Rec7 31. Nf5 Qe6 32. Rf2 Rc1+ 33. Kg2 Kh7 34. Qd4 R7c5 35. h4 a5 36. Rfd2 h5 37. Nxg7 Kxg7 38. g5 Kg6 39. Qxf6+ Qxf6 40. gxf6 Ra1 41. Kg3 b6 42. Rxd5 Rxa2 43. Rxc5 Rxd2 44. Rg5+ Kxf6 45. e4 Rb2 46. Rb5 Kg7 47. Kf4 f6 48. Kf5 Rf2 49. f4 Rh2 50. Rxb6 Rxh4 51. Rb7+ Kg8 52. Ra7 Rh3 53. Kxf6 Rxb3 54. e5 h4 55. e6 1-0

[Event "Vienna Chess Open 2019"]
[Site "Vienna"]
[Date "2019.08.21"]
[Round "6.6"]
[White "Zeller, Frank"]
[Black "Rubil, Marko"]
[Result "1/2-1/2"]
[ECO "D24"]
[WhiteElo "2371"]
[BlackElo "2248"]
[Annotator "NA"]
[PlyCount "38"]
[EventDate "2019.08.17"]
[EventType "swiss"]
[EventCountry "AUT"]
[SourceTitle "playchess.com"]
[Source "ChessBase"]
[SourceQuality "1"]
[TimeControl "40/5400+30:1800+30"]

1. d4 d5 2. c4 dxc4 3. Nf3 Nf6 4. Nc3 a6 5. e4 b5 6. e5 Nd5 7. a4 Nxc3 8. bxc3 Bb7 9. e6 fxe6 10. Ng5 Qd5 11. Qg4 h5 12. Qf4 Nc6 13. Be2 Kd7 14. Bf3 Qf5 15. d5 Qe5+ 16. Qxe5 Nxe5 17. dxe6+ Kc8 18. Bxb7+ Kxb7 19. O-O g6 1/2-1/2

[Event "Vienna Chess Open 2019"]
[Site "Vienna"]
[Date "2019.08.21"]
[Round "6.7"]
[White "Peralta, Fernando"]
[Black "Gschnitzer, Adrian"]
[Result "1-0"]
[ECO "A35"]
[WhiteElo "2572"]
[BlackElo "2410"]
[Annotator "ChessBase"]
[PlyCount "73"]
[EventDate "2019.08.17"]
[EventType "swiss"]
[EventCountry "AUT"]
[SourceTitle "playchess.com"]
[Source "ChessBase"]
[SourceQuality "1"]
[TimeControl "40/5400+30:1800+30"]

1. Nf3 c5 2. c4 Nf6 3. Nc3 Nc6 4. e3 e6 5. d4 d5 6. cxd5 exd5 7. Bb5 Be7 8. dxc5 O-O 9. O-O Bxc5 10. b3 a6 11. Bxc6 bxc6 12. Bb2 Re8 13. Rc1 Ba7 14. Na4 Qd6 15. Qc2 Bd7 16. Bd4 Ne4 17. Bxa7 Rxa7 18. Nd4 Kf8 19. Rfd1 Rc7 20. f3 Nf6 21. Qc5 Qxc5 22. Nxc5 Rxe3 23. Nxa6 Rc8 24. Nc5 Ke7 25. Kf2 Re5 26. Rd2 Nh5 27. Nd3 Rg5 28. h4 Rg6 29. g4 Nf6 30. Ne5 Rh6 31. g5 Rxh4 32. gxf6+ gxf6 33. Ndxc6+ Bxc6 34. Nxc6+ Kd6 35. Rxd5+ Kxd5 36. Ne7+ Kd4 37. Rxc8 1-0

[Event "Vienna Chess Open 2019"]
[Site "Vienna"]
[Date "2019.08.21"]
[Round "6.7"]
[White "Bawart, Markus"]
[Black "Tomaszewski, Roman"]
[Result "1/2-1/2"]
[ECO "A10"]
[WhiteElo "2364"]
[BlackElo "2205"]
[Annotator "NA"]
[PlyCount "88"]
[EventDate "2019.08.17"]
[EventType "swiss"]
[EventCountry "AUT"]
[SourceTitle "playchess.com"]
[Source "ChessBase"]
[SourceQuality "1"]
[TimeControl "40/5400+30:1800+30"]

1. c4 f5 2. Nc3 Nf6 3. Nf3 e6 4. d4 d5 5. cxd5 exd5 6. Bg5 c6 7. e3 Be7 8. Qc2 O-O 9. Bxf6 Bxf6 10. Bd3 g6 11. h4 h5 12. Ne2 Kh8 13. Nf4 Rg8 14. O-O-O Nd7 15. Rh3 Nf8 16. Rdh1 Qe7 17. Rg3 Bd7 18. Kb1 Be8 19. Ng5 Rg7 20. Be2 Rd8 21. Nd3 b6 22. f4 c5 23. Ne5 c4 24. Qd2 Qc7 25. Rc1 b5 26. Rh3 a5 27. Kc2 b4 28. Kd1 Qb6 29. Ke1 Rc7 30. Kf2 Kg7 31. Rhh1 Rdc8 32. Bf3 Qd6 33. Qe2 Rd8 34. Ra1 Rb8 35. Rhc1 Bb5 36. Qe1 Ra7 37. Qh1 Rd8 38. a3 Be8 39. axb4 Qxb4 40. Ra2 Qd2+ 41. Be2 Qb4 42. Rca1 Rd6 43. Qc1 Bd8 44. Ngf3 Nd7 1/2-1/2

[Event "Vienna Chess Open 2019"]
[Site "Vienna"]
[Date "2019.08.21"]
[Round "6.7"]
[White "Matt, Fabian"]
[Black "Ozen, Deniz"]
[Result "1/2-1/2"]
[ECO "A05"]
[WhiteElo "2271"]
[BlackElo "2429"]
[Annotator "NA"]
[PlyCount "30"]
[EventDate "2019.08.17"]
[EventType "swiss"]
[EventCountry "AUT"]
[SourceTitle "playchess.com"]
[Source "ChessBase"]
[SourceQuality "1"]
[TimeControl "40/5400+30:1800+30"]

1. Nf3 Nf6 2. c4 c6 3. e3 d5 4. Nc3 g6 5. d4 Bg7 6. cxd5 cxd5 7. Bd3 O-O 8. O-O Bg4 9. h3 Bxf3 10. Qxf3 Nc6 11. Bd2 e5 12. dxe5 Nxe5 13. Qe2 Nxd3 14. Qxd3 Qc8 15. Rfd1 Qc4 1/2-1/2

[Event "Vienna Chess Open 2019"]
[Site "Vienna"]
[Date "2019.08.21"]
[Round "6.8"]
[White "Pfreundt, Jakob"]
[Black "Nasuta, Grzegorz"]
[Result "1/2-1/2"]
[ECO "D10"]
[WhiteElo "2410"]
[BlackElo "2533"]
[Annotator "ChessBase"]
[PlyCount "48"]
[EventDate "2019.08.17"]
[EventType "swiss"]
[EventCountry "AUT"]
[SourceTitle "playchess.com"]
[Source "ChessBase"]
[SourceQuality "1"]
[TimeControl "40/5400+30:1800+30"]

1. d4 d5 2. c4 c6 3. cxd5 cxd5 4. Bf4 Nc6 5. e3 e6 6. Nc3 Bd6 7. Bxd6 Qxd6 8. Qg4 g6 9. Qg3 Qb4 10. O-O-O Nge7 11. Bd3 Bd7 12. Kb1 f6 13. h4 e5 14. h5 g5 15. dxe5 fxe5 16. e4 d4 17. Nd5 Qd6 18. Qxg5 Nxd5 19. exd5 Qxd5 20. Nf3 Rg8 21. Qf6 Rf8 22. Qg5 Rg8 23. Qf6 Rf8 24. Qg5 Rg8 1/2-1/2

[Event "Vienna Chess Open 2019"]
[Site "Vienna"]
[Date "2019.08.21"]
[Round "6.8"]
[White "Paszewski, Mateusz"]
[Black "Mons, Leon"]
[Result "1/2-1/2"]
[ECO "A13"]
[WhiteElo "2329"]
[BlackElo "2559"]
[Annotator "ChessBase"]
[PlyCount "57"]
[EventDate "2019.08.17"]
[EventType "swiss"]
[EventCountry "AUT"]
[SourceTitle "playchess.com"]
[Source "ChessBase"]
[SourceQuality "1"]
[TimeControl "40/5400+30:1800+30"]

1. c4 e6 2. g3 d5 3. Nf3 Nf6 4. Bg2 dxc4 5. Qa4+ c6 6. Qxc4 b5 7. Qb3 Bb7 8. O-O Nbd7 9. d4 a6 10. Ne5 Nxe5 11. dxe5 Nd7 12. Rd1 Qc7 13. Nc3 c5 14. Ne4 Bxe4 15. Bxe4 Rc8 16. Bf4 Be7 17. a4 c4 18. Qf3 O-O 19. Bb7 Rb8 20. Bxa6 bxa4 21. Rxa4 Nc5 22. Raa1 Rb3 23. Qg2 Nxa6 24. Rxa6 Rxb2 25. Rc6 Qb7 26. Rxc4 Qb3 27. Rdc1 Rxe2 28. Qf1 Ra2 29. Rc8 1/2-1/2

[Event "Vienna Chess Open 2019"]
[Site "Vienna"]
[Date "2019.08.21"]
[Round "6.8"]
[White "Belous, Mikhail"]
[Black "Seresin, Francesco"]
[Result "1-0"]
[ECO "D38"]
[WhiteElo "2308"]
[BlackElo "2362"]
[Annotator "NA"]
[PlyCount "73"]
[EventDate "2019.08.17"]
[EventType "swiss"]
[EventCountry "AUT"]
[SourceTitle "playchess.com"]
[Source "ChessBase"]
[SourceQuality "1"]
[TimeControl "40/5400+30:1800+30"]

1. d4 Nf6 2. c4 e6 3. Nf3 d5 4. Nc3 Bb4 5. cxd5 exd5 6. Bg5 h6 7. Bh4 O-O 8. e3 Re8 9. Qb3 Bxc3+ 10. bxc3 c6 11. Bd3 Nbd7 12. O-O g5 13. Bg3 Ne4 14. Bxe4 dxe4 15. Nd2 Nb6 16. f3 Be6 17. Qc2 Nc4 18. Nxc4 Bxc4 19. fxe4 Bxf1 20. Rxf1 Qd7 21. e5 c5 22. h4 Qg4 23. Qf2 Qe6 24. Qe2 Qg6 25. Rf6 Qb1+ 26. Kh2 Re6 27. Rxe6 fxe6 28. e4 Re8 29. Qh5 Re7 30. Qg6+ Kf8 31. d5 exd5 32. Qxh6+ Rg7 33. Qh8+ Rg8 34. Qf6+ Ke8 35. e6 Rf8 36. Qg6+ Kd8 37. Qg7 1-0

[Event "Vienna Chess Open 2019"]
[Site "Vienna"]
[Date "2019.08.21"]
[Round "6.9"]
[White "Shengelia, David"]
[Black "Valmana Canto, Jaime"]
[Result "1-0"]
[ECO "A61"]
[WhiteElo "2523"]
[BlackElo "2406"]
[Annotator "ChessBase"]
[PlyCount "61"]
[EventDate "2019.08.17"]
[EventType "swiss"]
[EventCountry "AUT"]
[SourceTitle "playchess.com"]
[Source "ChessBase"]
[SourceQuality "1"]
[TimeControl "40/5400+30:1800+30"]

1. d4 Nf6 2. c4 c5 3. d5 e6 4. Nc3 exd5 5. cxd5 d6 6. Nf3 g6 7. Bf4 Nh5 8. Bg5 f6 9. Bd2 Bg7 10. e4 O-O 11. Be2 f5 12. Ng5 Nf6 13. exf5 Bxf5 14. O-O Na6 15. Bxa6 bxa6 16. Ne6 Bxe6 17. dxe6 d5 18. Re1 Qd6 19. e7 Rfe8 20. Bg5 d4 21. Qb3+ Kh8 22. Bxf6 Bxf6 23. Re6 Qd7 24. Qd5 Qc7 25. Qf3 Bg7 26. Nd5 Qd7 27. Rae1 Kg8 28. h4 Rac8 29. h5 gxh5 30. Nf6+ Bxf6 31. Qxf6 1-0

[Event "Vienna Chess Open 2019"]
[Site "Vienna"]
[Date "2019.08.21"]
[Round "6.9"]
[White "Hertneck, Gerald"]
[Black "Zamengo, Fulvio"]
[Result "1-0"]
[ECO "D78"]
[WhiteElo "2495"]
[BlackElo "2342"]
[Annotator "ChessBase"]
[PlyCount "87"]
[EventDate "2019.08.17"]
[EventType "swiss"]
[EventCountry "AUT"]
[SourceTitle "playchess.com"]
[Source "ChessBase"]
[SourceQuality "1"]
[TimeControl "40/5400+30:1800+30"]

1. d4 Nf6 2. c4 g6 3. g3 c6 4. Bg2 d5 5. Nf3 Bg7 6. O-O O-O 7. b3 dxc4 8. bxc4 c5 9. e3 Nc6 10. Bb2 Qb6 11. Qe2 Bg4 12. d5 Na5 13. Na3 Ne4 14. Bxg7 Kxg7 15. Qc2 Bxf3 16. Bxf3 Nd6 17. Rab1 Qd8 18. Qc3+ f6 19. e4 b6 20. Bg2 Qd7 21. f4 Rae8 22. e5 Nf5 23. Nb5 a6 24. Na3 Nd4 25. Rfe1 Rb8 26. Nc2 Nxc2 27. Qxc2 f5 28. Rb2 b5 29. cxb5 axb5 30. Qxc5 Rfc8 31. Qd4 e6 32. Rd2 Rc4 33. Qf2 exd5 34. e6 Qe7 35. Rxd5 Rb7 36. Qb2+ Kh6 37. Rxb5 Ra7 38. h3 Nc6 39. g4 Nd4 40. g5+ Kh5 41. Qf2 h6 42. Bf3+ Nxf3+ 43. Qxf3+ Kh4 44. Qf2+ 1-0

[Event "Vienna Chess Open 2019"]
[Site "Vienna"]
[Date "2019.08.21"]
[Round "6.9"]
[White "Peyrer, Konstantin"]
[Black "Tuncer, Tuna"]
[Result "1/2-1/2"]
[ECO "D02"]
[WhiteElo "2260"]
[BlackElo "2362"]
[Annotator "NA"]
[PlyCount "97"]
[EventDate "2019.08.17"]
[EventType "swiss"]
[EventCountry "AUT"]
[SourceTitle "playchess.com"]
[Source "ChessBase"]
[SourceQuality "1"]
[TimeControl "40/5400+30:1800+30"]

1. d4 d5 2. Nf3 Nf6 3. g3 g6 4. Bg2 Bg7 5. O-O O-O 6. Bf4 a5 7. Nbd2 c6 8. c4 a4 9. Bxb8 Rxb8 10. Qxa4 Ne4 11. cxd5 cxd5 12. e3 Bf5 13. Nxe4 Bxe4 14. Nd2 Bxg2 15. Kxg2 e5 16. dxe5 Bxe5 17. Nf3 Bxb2 18. Rad1 Qe7 19. Rxd5 Ra8 20. Qb3 Qe4 21. Rd7 Bf6 22. Rc1 Qa4 23. Qxa4 Rxa4 24. Rc2 b5 25. Rb7 b4 26. Nd2 Bc3 27. Ne4 Rfa8 28. Nxc3 bxc3 29. Rxc3 Rxa2 30. Rcc7 Rf8 31. e4 Ra5 32. Re7 Raa8 33. e5 Rae8 34. h4 h5 35. g4 hxg4 36. Kg3 Rxe7 37. Rxe7 Ra8 38. Kxg4 Kf8 39. Rb7 Ra2 40. f3 Rg2+ 41. Kf4 Re2 42. h5 gxh5 43. Kf5 Rg2 44. Rb1 Rg3 45. Kf4 Rg6 46. Rh1 Rh6 47. Kg5 Rg6+ 48. Kf5 Rh6 49. Ke4 1/2-1/2

[Event "Vienna Chess Open 2019"]
[Site "Vienna"]
[Date "2019.08.21"]
[Round "6.10"]
[White "Diermair, Andreas"]
[Black "Mostbauer, Florian"]
[Result "1-0"]
[ECO "D78"]
[WhiteElo "2473"]
[BlackElo "2338"]
[Annotator "ChessBase"]
[PlyCount "81"]
[EventDate "2019.08.17"]
[EventType "swiss"]
[EventCountry "AUT"]
[SourceTitle "playchess.com"]
[Source "ChessBase"]
[SourceQuality "1"]
[TimeControl "40/5400+30:1800+30"]

1. d4 d5 2. c4 c6 3. Nf3 Nf6 4. g3 g6 5. Bg2 Bg7 6. O-O O-O 7. Qb3 Qb6 8. Nc3 dxc4 9. Qxc4 Qa6 10. b3 Be6 11. Qxa6 Nxa6 12. Ng5 Bd7 13. e4 Rfd8 14. Ba3 Bf8 15. h3 h6 16. Nf3 e6 17. Bxf8 Kxf8 18. e5 Nd5 19. Ne4 Rdc8 20. Rfc1 Ke7 21. a3 Nac7 22. Nfd2 Nb5 23. Nf3 f5 24. exf6+ Nxf6 25. Nc5 Rab8 26. a4 Nc7 27. Ra2 Be8 28. Re2 Rd8 29. h4 b6 30. Nd3 g5 31. hxg5 hxg5 32. Nxg5 Rxd4 33. Nf4 Rd6 34. Bh3 Bh5 35. Re3 Bg4 36. Ng6+ Ke8 37. Bxg4 Nxg4 38. Rf3 Rc8 39. Ne4 Rd4 40. Rf4 Rd7 41. Rf8# 1-0

[Event "Vienna Chess Open 2019"]
[Site "Vienna"]
[Date "2019.08.21"]
[Round "6.10"]
[White "Halvax, Georg"]
[Black "Gumularz, Szymon"]
[Result "1/2-1/2"]
[ECO "E10"]
[WhiteElo "2403"]
[BlackElo "2501"]
[Annotator "ChessBase"]
[PlyCount "62"]
[EventDate "2019.08.17"]
[EventType "swiss"]
[EventCountry "AUT"]
[SourceTitle "playchess.com"]
[Source "ChessBase"]
[SourceQuality "1"]
[TimeControl "40/5400+30:1800+30"]

1. d4 Nf6 2. c4 e6 3. Nf3 d5 4. e3 Be7 5. Nbd2 b6 6. Be2 Bb7 7. O-O O-O 8. b3 a5 9. a3 Nbd7 10. Bb2 Bd6 11. Qc2 Qe7 12. Bd3 c5 13. e4 dxe4 14. Nxe4 Nxe4 15. Bxe4 Bxe4 16. Qxe4 a4 17. Rfe1 axb3 18. d5 e5 19. Qe3 f5 20. Nd2 Qh4 21. Qxb3 e4 22. Nf1 Ne5 23. Bxe5 Bxe5 24. Ra2 Rf6 25. a4 Bd4 26. Qg3 Qh5 27. Qc7 Raf8 28. d6 Be5 29. Rd2 Rg6 30. Qe7 Bf6 31. Qe6+ Kh8 1/2-1/2

[Event "Vienna Chess Open 2019"]
[Site "Vienna"]
[Date "2019.08.21"]
[Round "6.10"]
[White "Randazzo, Adrian"]
[Black "Chylewski, Patryk"]
[Result "0-1"]
[ECO "A30"]
[WhiteElo "2254"]
[BlackElo "2356"]
[Annotator "NA"]
[PlyCount "76"]
[EventDate "2019.08.17"]
[EventType "swiss"]
[EventCountry "AUT"]
[SourceTitle "playchess.com"]
[Source "ChessBase"]
[SourceQuality "1"]
[TimeControl "40/5400+30:1800+30"]

1. Nf3 Nf6 2. c4 e6 3. g3 b6 4. Bg2 Bb7 5. O-O c5 6. Nc3 Be7 7. Re1 Ne4 8. Nxe4 Bxe4 9. d3 Bb7 10. e4 Nc6 11. d4 cxd4 12. Nxd4 Nxd4 13. Qxd4 O-O 14. Bf4 Bc5 15. Qd2 Qe7 16. a3 a5 17. Red1 e5 18. Be3 Bc6 19. a4 Rfd8 20. b3 Bb4 21. Qe2 Rab8 22. h4 d6 23. Kh2 Rf8 24. Qg4 Qb7 25. Bh1 Kh8 26. Ra2 Rbd8 27. h5 f6 28. Qh4 Rd7 29. Qg4 Rdf7 30. Qf5 Rg8 31. Qg4 g6 32. h6 f5 33. exf5 Bxh1 34. Rxh1 gxf5 35. Qh5 f4 36. Bxb6 Rgf8 37. c5 fxg3+ 38. Kxg3 Rg8+ 0-1

[Event "Vienna Chess Open 2019"]
[Site "Vienna"]
[Date "2019.08.21"]
[Round "6.11"]
[White "Valsecchi, Alessio"]
[Black "Kojima, Shinya"]
[Result "1/2-1/2"]
[ECO "A06"]
[WhiteElo "2494"]
[BlackElo "2390"]
[Annotator "ChessBase"]
[PlyCount "44"]
[EventDate "2019.08.17"]
[EventType "swiss"]
[EventCountry "AUT"]
[SourceTitle "playchess.com"]
[Source "ChessBase"]
[SourceQuality "1"]
[TimeControl "40/5400+30:1800+30"]

1. Nf3 d5 2. g3 g6 3. Bg2 Bg7 4. O-O e5 5. d3 Ne7 6. Nbd2 O-O 7. e4 Nbc6 8. c3 a5 9. a4 h6 10. Re1 d4 11. cxd4 Nxd4 12. Nxd4 Qxd4 13. Nb3 Qd6 14. Be3 Rd8 15. Rc1 Qxd3 16. Qxd3 Rxd3 17. Nc5 Rd8 18. Nxb7 Bxb7 19. Rxc7 Bc6 20. Rxe7 Bxa4 21. Bf1 Bb3 22. Rc1 Rac8 1/2-1/2

[Event "Vienna Chess Open 2019"]
[Site "Vienna"]
[Date "2019.08.21"]
[Round "6.11"]
[White "Ruff, Maximilian"]
[Black "Herman, Diego"]
[Result "1-0"]
[ECO "B07"]
[WhiteElo "2353"]
[BlackElo "2185"]
[Annotator "NA"]
[PlyCount "65"]
[EventDate "2019.08.17"]
[EventType "swiss"]
[EventCountry "AUT"]
[SourceTitle "playchess.com"]
[Source "ChessBase"]
[SourceQuality "1"]
[TimeControl "40/5400+30:1800+30"]

1. d4 d6 2. e4 Nf6 3. Nc3 e5 4. Nf3 exd4 5. Nxd4 Be7 6. Bf4 O-O 7. Qd2 Nc6 8. O-O-O Nxd4 9. Qxd4 Be6 10. f3 a6 11. g4 Nd7 12. Qd2 Ne5 13. Be2 b5 14. h4 c6 15. Kb1 Qc7 16. h5 a5 17. g5 a4 18. a3 Rfb8 19. Na2 c5 20. g6 fxg6 21. hxg6 hxg6 22. Nc3 Qa5 23. Nd5 Qxd2 24. Rxd2 Bd8 25. c3 Kf7 26. Be3 Ra7 27. Rg1 Rab7 28. Bf4 b4 29. cxb4 Bxd5 30. Rxd5 Be7 31. b5 Kf6 32. Bg5+ Ke6 33. f4 {[%emt 0:00:34] Kxd5} 1-0

[Event "Vienna Chess Open 2019"]
[Site "Vienna"]
[Date "2019.08.21"]
[Round "6.11"]
[White "Tryggestad, Andreas Garberg"]
[Black "Gavrilescu, David"]
[Result "1/2-1/2"]
[ECO "D38"]
[WhiteElo "2343"]
[BlackElo "2464"]
[Annotator "ChessBase"]
[PlyCount "65"]
[EventDate "2019.08.17"]
[EventType "swiss"]
[EventCountry "AUT"]
[SourceTitle "playchess.com"]
[Source "ChessBase"]
[SourceQuality "1"]
[TimeControl "40/5400+30:1800+30"]

1. d4 Nf6 2. c4 e6 3. Nf3 d5 4. Nc3 Bb4 5. Qb3 c5 6. dxc5 Nc6 7. Bg5 Qa5 8. Bxf6 dxc4 9. Qxc4 gxf6 10. Rc1 Qxc5 11. Qh4 Ke7 12. g3 Bxc3+ 13. Rxc3 Qb4 14. Qxb4+ Nxb4 15. a3 Nd5 16. Rc1 Bd7 17. Bg2 Rac8 18. O-O Nb6 19. Nd2 Na4 20. Bxb7 Rxc1 21. Rxc1 Rb8 22. Bf3 Rxb2 23. Ne4 f5 24. Nc5 Nxc5 25. Rxc5 Rb6 26. Rc7 Ra6 27. Bb7 Rxa3 28. Bc8 Ra1+ 29. Kg2 Rd1 30. Rxa7 Ke8 31. Bb7 Kf8 32. Bf3 Rd6 33. Ra8+ 1/2-1/2

[Event "Vienna Chess Open 2019"]
[Site "Vienna"]
[Date "2019.08.21"]
[Round "6.12"]
[White "Soysal, Serkan"]
[Black "Cvitan, Ognjen"]
[Result "1/2-1/2"]
[ECO "B24"]
[WhiteElo "2388"]
[BlackElo "2493"]
[Annotator "ChessBase"]
[PlyCount "26"]
[EventDate "2019.08.17"]
[EventType "swiss"]
[EventCountry "AUT"]
[SourceTitle "playchess.com"]
[Source "ChessBase"]
[SourceQuality "1"]
[TimeControl "40/5400+30:1800+30"]

1. e4 c5 2. Nc3 Nc6 3. Bb5 Nd4 4. Nf3 a6 5. Bd3 Nc6 6. O-O d6 7. h3 g6 8. b3 Bg7 9. Bb2 e5 10. Nd5 Nge7 11. Nxe7 Qxe7 12. c3 O-O 13. Bc2 f5 1/2-1/2

[Event "Vienna Chess Open 2019"]
[Site "Vienna"]
[Date "2019.08.21"]
[Round "6.12"]
[White "Sadilek, Maximilian"]
[Black "Ankit, R. Rajpara"]
[Result "0-1"]
[ECO "C50"]
[WhiteElo "2320"]
[BlackElo "2454"]
[Annotator "ChessBase"]
[PlyCount "56"]
[EventDate "2019.08.17"]
[EventType "swiss"]
[EventCountry "AUT"]
[SourceTitle "playchess.com"]
[Source "ChessBase"]
[SourceQuality "1"]
[TimeControl "40/5400+30:1800+30"]

1. e4 e5 2. Nf3 Nc6 3. Bc4 Bc5 4. d4 Bxd4 5. Nxd4 Nxd4 6. O-O d6 7. f4 Be6 8. Na3 Nf6 9. fxe5 dxe5 10. Bg5 Qe7 11. Bxf6 gxf6 12. c3 Nc6 13. Kh1 Rg8 14. Bb5 Rg6 15. Bxc6+ bxc6 16. Qa4 Qc5 17. b4 Qb6 18. c4 Ke7 19. c5 Qb7 20. Rad1 Rg4 21. Rfe1 h5 22. Rd2 h4 23. Re3 a5 24. b5 cxb5 25. Nxb5 Qc6 26. h3 Rf4 27. Rb2 Qxc5 28. Re1 Bd7 0-1

[Event "Vienna Chess Open 2019"]
[Site "Vienna"]
[Date "2019.08.21"]
[Round "6.12"]
[White "Ghazarian, Kirk"]
[Black "Csiki, Endre"]
[Result "1/2-1/2"]
[ECO "C71"]
[WhiteElo "2253"]
[BlackElo "2351"]
[Annotator "NA"]
[PlyCount "48"]
[EventDate "2019.08.17"]
[EventType "swiss"]
[EventCountry "AUT"]
[SourceTitle "playchess.com"]
[Source "ChessBase"]
[SourceQuality "1"]
[TimeControl "40/5400+30:1800+30"]

1. e4 e5 2. Nf3 Nc6 3. Bb5 a6 4. Ba4 d6 5. Nc3 g6 6. d4 b5 7. Bb3 Bg7 8. dxe5 dxe5 9. Qxd8+ Nxd8 10. a4 Rb8 11. axb5 axb5 12. Be3 Ne7 13. h4 Be6 14. Nd2 Bxb3 15. Nxb3 Ne6 16. Nc5 Nc6 17. Nxe6 fxe6 18. Ne2 Nd4 19. Bxd4 exd4 20. Nf4 Kd7 21. Nd3 Ra8 22. Ke2 Kd6 23. Rxa8 Rxa8 24. b4 Ra2 1/2-1/2

[Event "Vienna Chess Open 2019"]
[Site "Vienna"]
[Date "2019.08.22"]
[Round "7.1"]
[White "Cvitan, Ognjen"]
[Black "Yurtseven, Melih"]
[Result "1/2-1/2"]
[ECO "E10"]
[WhiteElo "2493"]
[BlackElo "2396"]
[Annotator "ChessBase"]
[PlyCount "142"]
[EventDate "2019.08.17"]
[EventType "swiss"]
[EventCountry "AUT"]
[SourceTitle "playchess.com"]
[Source "ChessBase"]
[SourceQuality "1"]
[TimeControl "40/5400+30:1800+30"]

1. d4 Nf6 2. c4 e6 3. Nf3 a6 4. Nc3 d5 5. cxd5 exd5 6. Bg5 Be6 7. e3 Nbd7 8. Bd3 Bd6 9. O-O O-O 10. h3 Qb8 11. Bf4 c6 12. Qd2 h6 13. Rfc1 Kh8 14. b4 Nb6 15. Ne5 Nfd7 16. Nxd7 Bxd7 17. Ne2 Na4 18. Bc2 Nb6 19. Bd3 Nc8 20. a4 g5 21. Bxd6 Nxd6 22. Nc3 f5 23. b5 a5 24. Rab1 Qd8 25. bxc6 bxc6 26. Ne2 Qf6 27. Rb6 f4 28. f3 Rae8 29. exf4 gxf4 30. Rcxc6 Bxc6 31. Rxc6 Re3 32. Bb5 Qe7 33. Nxf4 Rxf4 34. Rxd6 Re1+ 35. Kf2 Qxd6 36. Qxe1 Qf6 37. Qe8+ Kg7 38. Qd7+ Qf7 39. Ke3 Rf6 40. Qxf7+ Kxf7 41. g4 Re6+ 42. Kf4 Rf6+ 43. Kg3 Re6 44. h4 Re1 45. Kf4 Ke6 46. Bd3 Rd1 47. Ke3 Rh1 48. h5 Kf6 49. Bb5 Re1+ 50. Kf2 Rc1 51. f4 Rd1 52. Ke3 Re1+ 53. Be2 Ra1 54. Bb5 Ra3+ 55. Kf2 Rb3 56. Ke2 Rg3 57. Bd7 Rg1 58. Bf5 Rc1 59. Bd3 Rg1 60. Bf5 Rg2+ 61. Ke3 Rg3+ 62. Ke2 Rb3 63. Bd7 Rb7 64. Bc6 Rb6 65. Bxd5 Rd6 66. Bb3 Rxd4 67. Ke3 Rb4 68. Bc2 Rc4 69. Bd1 Rc1 70. Be2 Rb1 71. Bb5 Rb4 {[%emt 0:00:55] Ke4 Ke5+} 1/2-1/2